 Dungeon Crawl Stone Soup version 0.32-a0-22-g6ae6769602 (webtiles) character file.

Game seed: 1808101093131622956

695 PriceMaster the Conjurer (level 7, -1/43 HPs)
             Began as an Octopode Conjurer on Jan 19, 2024.
             Was an Initiate of Yredelemnul.
             Slain by Pikel
             ... wielding a +1 whip of flaming
              (8 damage)
             ... on level 4 of the Dungeon.
             The game lasted 00:10:49 (3955 turns).

PriceMaster the Conjurer (Octopode Conjurer)        Turns: 3955, Time: 00:10:49

Health: -1/43      AC:  1    Str:  7    XL:     7   Next: 64%
Magic:  1/11       EV: 13    Int: 22    God:    Yredelemnul [......]
Gold:   181        SH:  0    Dex: 10    Spells: 9/12 levels left

rFire   . . .        m - +2 mace (venom)
rCold   . . .        (no shield)
rNeg    . . .        (helmet restricted)
rPois   +            (no amulet)
rElec   .            l - ring of poison resistance
rCorr   .            (no ring)
SInv    .            (no ring)
Will    .....        (no ring)
Stlth   ++++         (no ring)
HPRegen 0.27/turn    (no ring)
MPRegen 0.12/turn    (no ring)
                     (no ring)

%: no passive effects
@: about to teleport
A: almost no armour, amphibious, 8 rings, camouflage 1, gelatinous body 1,
(nimble swimmer 1), tentacles
a: Renounce Religion, Recall Undead Harvest


You were on level 4 of the Dungeon.
You worshipped Yredelemnul.
Yredelemnul was noncommittal.
You visited 1 branch of the dungeon, and saw 4 of its levels.

You collected 214 gold pieces.
You spent 33 gold pieces at shops.

Inventory:

Hand Weapons
 f - a +0 dagger
 m - a +2 mace of venom (weapon)
 o - a +1 dagger of protection
Armour
 d - a scarf of resistance
Magical Staves
 n - a staff of cold
Jewellery
 l - a ring of poison resistance (left tentacle)
Scrolls
 e - a scroll of amnesia {unknown}
 g - 2 scrolls of vulnerability {unknown}
 j - a scroll of identify {unknown}
 p - a scroll of enchant armour {unknown}
 s - a scroll of immolation {unknown}
Potions
 a - a potion of magic
 c - a potion of curing
 h - 2 potions of ambrosia {unknown}
 i - a potion of haste {unknown}
 k - 2 potions of mutation {unknown}
 q - a potion of enlightenment {unknown}
 r - a potion of heal wounds {unknown}


   Skills:
 + Level 1.6 Fighting
 + Level 1.3 Short Blades
 + Level 2.2 Maces & Flails
 + Level 3.6 Dodging
 + Level 5.7 Stealth
 + Level 0.4 Unarmed Combat
 + Level 3.2 Spellcasting
 + Level 5.9 Conjurations
 + Level 0.5 Invocations


You had 9 spell levels left.
You knew the following spells:

 Your Spells              Type           Power      Damage    Failure   Level
a - Magic Dart            Conj           100%       1d8       1%          1
b - Searing Ray           Conj           58%        2d6       1%          2

Your spell library contained the following spells:

 Spells                   Type           Power      Damage    Failure   Level
 Hailstorm                Conj/Ice       16%        3d6       11%         3
 Summon Small Mammal      Summ           12%        N/A       12%         1
 Fulminant Prism          Conj/Alch      8%         3d6       34%         4
 Iskenderun's Mystic Bla  Conj/Tloc      16%        2d5       34%         4
 Call Canine Familiar     Summ           3%         N/A       36%         3
 Frozen Ramparts          Ice            6%         1d1       36%         3
 Summon Ice Beast         Ice/Summ       3%         N/A       36%         3
 Leda's Liquefaction      Alch/Erth      1%         N/A       77%         4
 Petrify                  Alch/Erth      3%         N/A       77%         4
 Summon Blazeheart Golem  Fire/Summ      3%         N/A       77%         4
 Metabolic Englaciation   Hex/Ice        1%         N/A       98%         5
 Sculpt Simulacrum        Ice/Alch       1%         N/A       100%        6


Dungeon Overview and Level Annotations

Branches:
Dungeon (4/15)
 Temple: D:4-7

Altars:
Ashenzari
Trog
Yredelemnul

Shops:
D:2 !

Annotations:
D:4 Pikel


Innate Abilities, Weirdness & Mutations

You cannot wear most types of armour.
You are amphibious.
You can wear up to eight rings at the same time.
Your skin changes colour to match your surroundings (Stealth+).
Your rubbery body absorbs attacks. (AC +1, EV +1)
((You are camouflaged when in or above water. (Stealth+)))
You have tentacles for arms and can constrict up to eight enemies at once.


Message History

Pikel burns you.
Casting: Magic Dart (safe; 1% risk of failure)
Confirm with . or Enter, or press ? or * to list all spells.
Aiming: Searing Ray (safe; 1% risk of failure)
Press: ? - help, Shift-Dir - straight line, f/p - Pikel
Aim: Pikel, wielding a +1 whip of flaming and wearing a +0 robe (heavily wounded, 74% to hit)
The searing ray hits Pikel.
Pikel is heavily wounded.
The searing ray hits the lemure.
The lemure is lightly wounded. (Press . to maintain the ray.) Pikel hits you with a +1 whip of flaming!
* * * LOW HITPOINT WARNING * * *
Pikel burns you.
* * * LOW HITPOINT WARNING * * *
You feel better. The lemure barely misses you. The lemure hits you.
* * * LOW HITPOINT WARNING * * *
Pikel hits you with a +1 whip of flaming.
* * * LOW HITPOINT WARNING * * *
Pikel burns you.
* * * LOW HITPOINT WARNING * * *
You feel better. The lemure completely misses you.
An endoplasm comes into view.
The lemure misses you. Pikel barely misses you.
As you read the scroll of teleportation, it crumbles to dust.
You feel strangely unstable. The lemure hits you!
* * * LOW HITPOINT WARNING * * *
The lemure hits you.
* * * LOW HITPOINT WARNING * * *
Pikel barely misses you.
You feel better. The lemure misses you. x2
Pikel hits you with a +1 whip of flaming.
* * * LOW HITPOINT WARNING * * *
Pikel burns you.
* * * LOW HITPOINT WARNING * * *
The lemure barely misses you. Pikel attacks as he pursues you!
Pikel hits you with a +1 whip of flaming!
You die...
Pikel says, "Another soul for the market."
Your body rises from the dead as a mindless zombie.

###.................# ##..
#.##................# ##...
#.# #...............###.##.
#.###.....J.......).Z..####
##.##...............##.## #
#..###............###..# #
#...# #...........# ##.###
#..## ##K555......####....
#.#.#####@......#.##......
####..###............##..#
##....##.........###..#
##.#####..####.## #..# ##.#
#..##...####..# #.##
##........#.... ##..##
#..####.....##
#....#####.## ##.##....
#..##....##...###..###...


You could see Pikel, 3 lemures and an endoplasm.

Vanquished Creatures
  Grinder (D:4)
  Pargi (D:3)
  A bullfrog (D:4)
  2 scorpions (D:4)
  Natasha (thrice) (D:4)
  An adder (D:2)
  3 dart slugs
  An orc (D:3)
  7 bats
  3 endoplasms
  3 giant cockroaches
  2 goblins
  5 hobgoblins
  3 quokkas
  5 ball pythons
  11 kobolds
  A rat (D:1)
53 creatures vanquished.

Vanquished Creatures (collateral kills)
  A lemure (D:4)
  A hound (D:4)
  Jessica (D:3)
  An adder (D:3)
  2 dart slugs (D:3)
  3 ball pythons
  2 endoplasms (D:1)
  4 goblins (D:1)
  3 hobgoblins
  3 quokkas
  4 kobolds (D:1)
25 creatures vanquished.

Vanquished Creatures (others)
  A bullfrog zombie (D:4)
  A scorpion zombie (D:4)
  3 bat zombies
  An endoplasm zombie (D:4)
  3 giant cockroach zombies
  2 goblin zombies
  2 hobgoblin zombies
  A jackal zombie (D:1)
  4 kobold zombies
  An orc zombie (D:3)
  2 quokka zombies
21 creatures vanquished.

Grand Total: 99 creatures vanquished

Notes
Turn   | Place    | Note
-------+----------+-------------------------------------------
     0 | D:1      | PriceMaster the Octopode Conjurer began the quest for the
                  | Orb.
     0 | D:1      | Reached XP level 1. HP: 11/11 MP: 3/3
    62 | D:1      | Found a faded altar of an unknown god.
    71 | D:1      | Prayed at the altar of an unknown god.
    71 | D:1      | Became a worshipper of Yredelemnul the Dark
    71 | D:1      | Reached * piety under Yredelemnul
   106 | D:1      | Reached XP level 2. HP: 15/17 MP: 5/5
   253 | D:1      | Reached ** piety under Yredelemnul
   363 | D:1      | Reached XP level 3. HP: 18/21 MP: 6/6
  1061 | D:2      | Reached skill level 5 in Conjurations
  1069 | D:2      | Found Beezoewk's Distillery.
  1084 | D:2      | Bought a potion of curing for 33 gold pieces
  1104 | D:2      | Reached XP level 4. HP: 27/27 MP: 7/7
  1798 | D:3      | Found a bloodstained altar of Trog.
  1871 | D:3      | Noticed Pargi
  1887 | D:3      | Killed Pargi
  1888 | D:3      | Reached XP level 5. HP: 20/32 MP: 1/8
  2102 | D:3      | Found a broken altar of Ashenzari.
  2382 | D:3      | Noticed Jessica
  2394 | D:3      | Killed Jessica
  2527 | D:4      | Reached skill level 1 in Maces & Flails
  2527 | D:4      | Reached XP level 6. HP: 37/37 MP: 3/10
  2530 | D:4      | Learned a level 2 spell: Searing Ray
  2754 | D:4      | Reached skill level 1 in Fighting
  2767 | D:4      | Noticed Natasha
  2775 | D:4      | Killed Natasha
  2959 | D:4      | Noticed Natasha
  2963 | D:4      | Killed Natasha
  3171 | D:4      | Reached skill level 5 in Stealth
  3396 | D:4      | Reached skill level 1 in Short Blades
  3410 | D:4      | Noticed Natasha
  3487 | D:4      | Reached XP level 7. HP: 43/43 MP: 3/11
  3589 | D:4      | Noticed Pikel
  3655 | D:4      | Noticed Grinder
  3679 | D:4      | Killed Grinder
  3763 | D:4      | Killed Natasha
  3955 | D:4      | Slain by Pikel

Illustrated notes

Levels and vault maps discovered:
D:1:      dpeg_arrival_shrine, layout_basic,
          hellmonk_ecumenical_altar_heavens_door, chequers_serial_rivers_room_b,
          minmay_3d_cube
D:2:      layout_loops_ring, serial_shops, shop, kennysheep_generic_room_15
D:3:      layout_basic, evilmike_ruin_ashenzari, bloody_trog,
          chequers_serial_rivers_large_b, kennysheep_jessica_study, uniq_pargi
D:4:      layout_layer_cave, uniq_natasha, uniq_grinder, uniq_pikel

Skill      XL: |  1  2  3  4  5  6  7 |
---------------+----------------------+-----
Conjurations   | 5 |  5.9
Stealth        | 3 4 5 |  5.7
Maces & Flails | 1 2 |  2.2
Dodging        | 3 |  3.6
Fighting       | 1 |  1.6
Short Blades   | 1 |  1.3
Spellcasting   | 3 |  3.2
Unarmed Combat | |  0.4
Invocations    | |  0.5

Action                     |  1- 3 |  4- 6 |  7- 9 || total
---------------------------+-------+-------+-------++-------
  Melee: Unarmed           |    14 |       |       ||    14
         Tentacles         |    17 |     4 |     1 ||    22
         Constrict         |    12 |     7 |     2 ||    21
         Dagger            |    28 |     4 |       ||    32
         Punch             |     1 |       |       ||     1
         Mace              |       |    20 |     6 ||    26
   Cast: Magic Dart        |    16 |    39 |    11 ||    66
         Searing Ray       |       |     5 |     3 ||     8
 Invoke: Recall Undead Har |     1 |       |     1 ||     2
         Dark Bargain      |     1 |       |       ||     1
    Use: Scroll            |       |     1 |     2 ||     3
         Potion            |       |       |     3 ||     3
   Stab: Sleeping          |     4 |       |       ||     4
 Armour: Skin              |    17 |    25 |    15 ||    57
  Dodge: Dodged            |    30 |    28 |    12 ||    70

Table legend: (Time is in decaauts)
 A = Elapsed time spent in this place.
 B = Non-inter-level travel time spent in this place.
 C = Inter-level travel time spent in this place.
 D = Time resting spent in this place.
 E = Time spent auto-exploring this place.
 F = Levels seen in this place.
 G = Mean time per level.
                   A        B        C        D        E       F      G
               +--------+--------+--------+--------+--------+-----+--------+
         Total |   3961 |   3891 |     70 |    159 |   3069 |   4 |  990.2 |
       Dungeon |   3961 |   3891 |     70 |    159 |   3069 |   4 |  990.2 |
               +--------+--------+--------+--------+--------+-----+--------+

Top non-repeatable levels by time:
     D:4: 1437 daAuts
     D:1: 925 daAuts
     D:3: 848 daAuts
     D:2: 749 daAuts
